 Dungeon Crawl Stone Soup version 0.17.0-7-gfadd4cc (console) character file.

86 gw the Cudgeler (level 4, 45/45 HPs)
             Began as an Ogre Warper on Nov 9, 2015.
             Quit the game on level 2 of the Dungeon.
             The game lasted 00:06:10 (3252 turns).

gw the Cudgeler (Ogre Warper)                       Turns: 3252, Time: 00:06:11

Health: 45/45      AC:  3    Str: 16    XL:     4   Next: 49%
Magic:  8/8        EV: 10    Int: 13    God:
Gold:   108        SH:  0    Dex:  9    Spells: 4 memorised, 0 levels left

rFire  . . .     SeeInvis .     a - +0 mace
rCold  . . .     Clarity  .     b - +0 robe
rNeg   . . .     SustAt   .     (no shield)
rPois  .         Gourm    .     (helmet restricted)
rElec  .         Spirit   .     (no cloak)
rCorr  .         Warding  .     (gloves unavailable)
rMut   .         Stasis   .     (boots unavailable)
MR     .....                    (no amulet)
Stlth  +.........               (no ring)
                                (no ring)

@: fainting, not resistant to hostile enchantments, very unstealthy
A: unfitting armour, tough skin 1
a: no special abilities


You were on level 2 of the Dungeon.
You were fainting.

You visited 1 branch of the dungeon, and saw 2 of its levels.

You collected 108 gold pieces.

Inventory:

Hand Weapons
 a - a +0 mace (weapon)
Missiles
 g - 15 stones (quivered)
Armour
 b - a +0 robe (worn)
Scrolls
 d - a scroll of blinking
Books
 c - a book of Spatial Translocations

   Spells                             Type                      Level
   a - Apportation                    Translocation                1
   b - Blink                          Translocation                2
   c - Shroud of Golubria             Charms/Translocation         2
   d - Portal Projectile              Translocation                3
   e - Teleport Other                 Translocation                3
   f - Passage of Golubria            Translocation                4
Comestibles
 f - 2 bread rations


   Skills:
 + Level 3.0 Fighting
 + Level 3.5 Maces & Flails
 + Level 2.2 Throwing
 + Level 2.4 Dodging
 + Level 2.9 Spellcasting
 * Level 2.6 Translocations


You couldn't memorise any spells.
You knew the following spells:

 Your Spells              Type           Power        Failure   Level  Hunger
a - Apportation           Tloc           #.........   10%         1    #......
b - Blink                 Tloc           N/A          14%         2    ###....
c - Shroud of Golubria    Chrm/Tloc      #.........   21%         2    ###....
d - Portal Projectile     Tloc           #.....       28%         3    ###....


Dungeon Overview and Level Annotations

Branches:
Dungeon (2/15)

Altars:
Kikubaaqudgha


Innate Abilities, Weirdness & Mutations

You are too large for most types of armour.
You have tough skin (AC +1).


Message History

You don't have the energy to cast that spell.
You don't have the energy to cast that spell.
You don't have the energy to cast that spell.
You don't have the energy to cast that spell.
You don't have the energy to cast that spell.
You don't have the energy to cast that spell.
You don't have the energy to cast that spell.
You don't have the energy to cast that spell.
You don't have the energy to cast that spell.
You don't have the energy to cast that spell.
You don't have the energy to cast that spell.
You don't have the energy to cast that spell.
You don't have the energy to cast that spell.
You don't have the energy to cast that spell.
You don't have the energy to cast that spell.
You don't have the energy to cast that spell.
You don't have the energy to cast that spell.
You don't have the energy to cast that spell.
Infinite lua loop detected, aborting.
Are you sure you want to abandon this character and quit the game? (Confirm with "yes".)

## ##.# #####
########.#. #...
#......%###. ###.#####
#.######.#.#.
##.......# #.# #.#...
##....###.###.# #.#
......##.w(.((.(.....#
#.#####
.......O.....###(#####
......# ###.###......#
#.# #.###.#
##..##.#...####(#####
# #.###.# ..
......###........# #
#.....# #.# #####.#
#.##.###.# # #####.#
#.# ## #.# #.##.# #.#
# ......# ##.# #
#.###.##(# #.# #
##?##.###..+
+.#.....(# #.# #
#...#.##<..#
#.#....#####.###


You could see a worm.

Table legend:
 A = Turns spent in this place as a percentage of turns spent in the entire game.
 B = Non-inter-level travel turns spent in this place as a percentage of non-inter-level travel turns spent in the entire game.
 C = Inter-level travel turns spent in this place as a percentage of turns spent in this place.
 D = Turns resting spent in this place as a percentage of non-inter-level travel turns spent in this place.
 E = Turns spent auto-exploring this place as a percentage of non-inter-level travel turns spent in this place.
 F = Non-inter-level travel turns spent in this place divided by the number of levels of this place that you've seen.
                   A       B       C       D       E      F
               +-------+-------+-------+-------+-------+----------------------
         Total | 100.0 | 100.0 |   0.5 |   1.3 |   1.4 | 2930.5
       Dungeon | 100.0 | 100.0 |   0.5 |   1.3 |   1.4 | 2930.5
               +-------+-------+-------+-------+-------+----------------------

Table legend:
 A = Kills in this place as a percentage of kills in entire the game.
 B = Kills by you in this place as a percentage of kills by you in the entire game.
 C = Kills by friends in this place as a percentage of kills by friends in the entire game.
 D = Other kills in this place as a percentage of other kills in the entire game.
 E = Experience gained in this place as a percentage of experience gained in the entire game.
 F = Experience gained in this place divided by the number of levels of this place that you have seen.
                   A       B       C       D       E      F
               +-------+-------+-------+-------+-------+----------------------
         Total | 100.0 | 100.0 |  -nan |  -nan | 100.0 |  61.5
       Dungeon | 100.0 | 100.0 |  -nan |  -nan | 100.0 |  61.5
               +-------+-------+-------+-------+-------+----------------------

Vanquished Creatures
  Ijyb (D:2)
  2 adders (D:2)
  A worm (D:2)
  3 giant cockroaches (D:1)
  4 hobgoblins
  7 bats
  A giant gecko (D:1)
  9 giant newts
  4 goblins
  7 kobolds
  3 rats (D:1)
42 creatures vanquished.

Notes
Turn   | Place    | Note
--------------------------------------------------------------
     0 | D:1      | gw the Ogre Warper began the quest for the Orb.
     0 | D:1      | Reached XP level 1. HP: 22/22 MP: 3/3
   316 | D:1      | Reached skill level 3 in Maces & Flails
   543 | D:1      | Reached XP level 2. HP: 29/29 MP: 5/5
   547 | D:1      | Learned a level 2 spell: Blink
   550 | D:1      | Learned a level 2 spell: Shroud of Golubria
  1793 | D:1      | Reached XP level 3. HP: 36/36 MP: 1/6
  2067 | D:2      | Found an ancient bone altar of Kikubaaqudgha.
  2795 | D:2      | Noticed Ijyb
  2833 | D:2      | Killed Ijyb
  2833 | D:2      | Reached XP level 4. HP: 41/45 MP: 1/8
  2896 | D:2      | Learned a level 3 spell: Portal Projectile
  3252 | D:2      | Quit the game

Action                   |  1- 3 |  4- 6 || total
-------------------------+-------+-------++-------
Melee: Mace              |   139 |     7 ||   146
Throw: Stone             |    96 |    76 ||   172
       Tomahawk          |     5 |       ||     5
 Cast: Shroud of Golubri |    29 |     6 ||    35
 Stab: Sleeping          |     1 |       ||     1
  Eat: Chunk             |     8 |       ||     8

Vault maps used:
D:1:      dpeg_arrival_circle_labyrinth_a
D:2:      lemuel_doored_altar, kiku_gazebo_garden_becter, uniq_iyjb
